[Event "Late-Titled-Tuesday-Blitz-March-12-2024"]
[Site "Chess.com"]
[Date "2024.03.12"]
[Round "2"]
[White "rasmussvane"]
[Black "masnyszachistaaa"]
[Result "1-0"]
[WhiteElo "2950"]
[BlackElo "2549"]
[TimeControl "180+1"]
[EndTime "14:13:47 PDT"]
[Termination "rasmussvane won by resignation"]

1. d4 Nf6 2. Nf3 c5 3. d5 b5 4. c3 d6 5. e4 Nxe4 6. Bxb5+ Bd7 7. Bd3 Nf6 8. O-O g6 9. Re1 Bg7 10. c4 O-O 11. Nc3 a5 12. Qe2 Re8 13. a4 Na6 14. h3 Nb4 15. Bd2 Nxd3 16. Qxd3 Bf5 17.
Qf1 Rb8 18. Nb5 e6 19. dxe6 Bxe6 20. Bc3 d5 21. cxd5 Nxd5 22. Rad1 Bxc3 23. Nxc3 Re7 24. Nxd5 Bxd5 25. Rxe7 1-0

[Event "Late-Titled-Tuesday-Blitz-March-12-2024"]
[Site "Chess.com"]
[Date "2024.03.12"]
[Round "2"]
[White "sorch29"]
[Black "akanga001"]
[Result "1-0"]
[WhiteElo "2460"]
[BlackElo "2015"]
[TimeControl "180+1"]
[EndTime "14:13:52 PDT"]
[Termination "sorch29 won by resignation"]

1. d4 d5 2. c4 dxc4 3. Nf3 a6 4. e3 b5 5. a4 Bb7 6. b3 Nf6 7. axb5 axb5 8. Rxa8 Bxa8 9. bxc4 e6 10. cxb5 Bb4+ 11. Bd2 Bxd2+ 12. Nbxd2 O-O 13. Be2 c5 14. dxc5 Qd5 15. c6 Rd8 16. O-O h6 17. Nc4 Qxd1 18. Rxd1 Rc8 19. Nb6 1-0

[Event "Late-Titled-Tuesday-Blitz-March-12-2024"]
[Site "Chess.com"]
[Date "2024.03.12"]
[Round "2"]
[White "Agent-JL"]
[Black "ContrVersia"]
[Result "0-1"]
[WhiteElo "2598"]
[BlackElo "2872"]
[TimeControl "180+1"]
[EndTime "14:14:03 PDT"]
[Termination "ContrVersia won by resignation"]

1. d4 Nf6 2. c4 g6 3. Nf3 Bg7 4. Nc3 O-O 5. e4 d6 6. Be2 Na6 7. O-O e5 8. Be3 Qe7 9. Qc2 c6 10. h3 exd4 11. Nxd4 Re8 12. Bf3 Nc5 13. Rae1 a5 14.
b3 Bd7 15. a3 Nfxe4 16. Nxc6 Bxc6 17. Bxc5 Bxc3 18. Rxe4 Bxe4 0-1

[Event "Late-Titled-Tuesday-Blitz-March-12-2024"]
[Site "Chess.com"]
[Date "2024.03.12"]
[Round "2"]
[White "Noki102"]
[Black "PoXerStar"]
[Result "0-1"]
[WhiteElo "2549"]
[BlackElo "2379"]
[TimeControl "180+1"]
[EndTime "14:14:06 PDT"]
[Termination "PoXerStar won by checkmate"]

1. d4 Nf6 2. Bf4 g6 3. Nc3 d5 4. e3 c6 5. h4 Qb6 6. Na4 Qa5+ 7. c3 h5 8. Nf3 Bg7 9. Ne5 Nbd7 10.
Bd3 O-O 11. b4 Qd8 12. Nc5 Nxe5 13. Bxe5 b6 14. Nb3 Re8 15. O-O Ng4 16. Bxg7 Kxg7 17. c4 e5 18. cxd5 Qxh4 19. Qxg4 hxg4 20. dxc6 Rh8 21.
Rfe1 Qh1# 0-1

[Event "Late-Titled-Tuesday-Blitz-March-12-2024"]
[Site "Chess.com"]
[Date "2024.03.12"]
[Round "2"]
[White "randy296"]
[Black "Smiechu"]
[Result "0-1"]
[WhiteElo "2083"]
[BlackElo "2465"]
[TimeControl "180+1"]
[EndTime "14:14:10 PDT"]
[Termination "Smiechu won by checkmate"]

1. b3 e5 2. Bb2 Nc6 3. Nf3 e4 4. Nd4 Nxd4 5. Bxd4 c5 6. Bb2 d5 7. e3 Nf6 8. Be2 Bd6 9. Nc3 Be6 10. d4 cxd4 11. exd4 Rc8 12. O-O h5 13. f3 exf3 14.
Bxf3 Bxh2+ 15. Kxh2 Ng4+ 16. Bxg4 hxg4+ 17. Kg3 Qh4+ 18. Kf4 Qh6+ 19. Ke5 Qg5+ 20. Kd6 Rc6# 0-1

[Event "Late-Titled-Tuesday-Blitz-March-12-2024"]
[Site "Chess.com"]
[Date "2024.03.12"]
[Round "2"]
[White "Caisachess"]
[Black "robertoalejandro10"]
[Result "1-0"]
[WhiteElo "2362"]
[BlackElo "2542"]
[TimeControl "180+1"]
[EndTime "14:14:13 PDT"]
[Termination "Caisachess won by resignation"]

1. e4 c5 2. Nf3 Nc6 3. c3 g6 4. d4 cxd4 5. cxd4 Bg7 6. Nc3 d6 7. h3 Nf6 8. Bd3 O-O 9. O-O b6 10. a3 Bb7 11. Re1 Rc8 12. Bg5 Na5 13. Qe2 Re8 14.
Rad1 Qc7 15. e5 dxe5 16. dxe5 Nd5 17. Nxd5 Bxd5 18. Bb5 Bc6 19. Bxc6 Qxc6 20. Rc1 Qb7 21. Rxc8 Rxc8 22. Rd1 h6 23. Bh4 e6 24. Bf6 Nc6 25.
Qe4 Na5 26. Qxb7 Nxb7 27. Rd7 Na5 28. Rxa7 Rc1+ 29. Kh2 Rc2 30. b4 Nc4 31. Nd4 Bxf6 32.
Nxc2 Bxe5+ 33. Kg1 Bd4 34. Nxd4 1-0

[Event "Late-Titled-Tuesday-Blitz-March-12-2024"]
[Site "Chess.com"]
[Date "2024.03.12"]
[Round "2"]
[White "baki83"]
[Black "Vadim_Galchenko"]
[Result "1-0"]
[WhiteElo "2842"]
[BlackElo "2577"]
[TimeControl "180+1"]
[EndTime "14:14:16 PDT"]
[Termination "baki83 won by resignation"]

1. e4 e6 2. d4 d5 3. Nd2 c5 4. Ngf3 cxd4 5. Nxd4 Nc6 6. Bb5 Bd7 7. Nxc6 bxc6 8. Bd3 Qc7 9. O-O Nf6 10. Re1 h5 11. e5 Ng4 12. Nf3 Bc5 13. Re2 g6 14.
Bg5 Qb6 15. Qe1 Qxb2 16. h3 Nh6 17. Bf6 O-O 18. Rb1 Qa3 19. Qd2 Kh7 20. Ng5+ Kg8 21. Nxe6 1-0

[Event "Late-Titled-Tuesday-Blitz-March-12-2024"]
[Site "Chess.com"]
[Date "2024.03.12"]
[Round "2"]
[White "DavidGavrilescu18"]
[Black "matagordo"]
[Result "1-0"]
[WhiteElo "2751"]
[BlackElo "2300"]
[TimeControl "180+1"]
[EndTime "14:14:22 PDT"]
[Termination "DavidGavrilescu18 won by checkmate"]

1. e4 e6 2. d4 d5 3. e5 b6 4. c3 Qd7 5. Nf3 Ba6 6. Bxa6 Nxa6 7. O-O c5 8. h4 Ne7 9. Qe2 Nc7 10. Na3 Nf5 11. Nc2 Be7 12. h5 Qb5 13. Qd1 Rc8 14.
g4 Nh4 15. Nxh4 Bxh4 16. a4 Qd7 17. Ne3 f6 18. Ng2 Bg5 19. f4 fxe5 20. fxg5 cxd4 21. cxd4 e4 22. b3 a5 23. Ba3 Na6 24. Rc1 Nc7 25. Qd2 e5 26. Qf2 Qxg4 27. Qf7+ Kd8 28. Qe7# 1-0

[Event "Late-Titled-Tuesday-Blitz-March-12-2024"]
[Site "Chess.com"]
[Date "2024.03.12"]
[Round "2"]
[White "RandomNoob04"]
[Black "artin10862"]
[Result "1-0"]
[WhiteElo "2625"]
[BlackElo "2894"]
[TimeControl "180+1"]
[EndTime "14:14:34 PDT"]
[Termination "RandomNoob04 won by resignation"]

1. e4 e5 2. d4 exd4 3. Qxd4 Nc6 4. Qe3 g6 5. Nc3 Bg7 6. h4 Nf6 7. h5 Nxh5 8. Be2 Nf6 9. e5 Ng8 10. Nf3 Nge7 11. Bd2 d5 12. exd6 cxd6 13. O-O-O Be6 14. Ne4 Nd5 15. Qa3 O-O 16. Bh6 Qa5 17. Qxa5 Nxa5 18. Nfg5 Bxh6 19. Rxh6 Bf5 20. Rxd5 f6 21. Nxf6+ Rxf6 22. Rxa5 Rc8 23. c3 a6 24. Rxh7 1-0

[Event "Late-Titled-Tuesday-Blitz-March-12-2024"]
[Site "Chess.com"]
[Date "2024.03.12"]
[Round "2"]
[White "betta2004"]
[Black "Veleamater"]
[Result "1-0"]
[WhiteElo "2546"]
[BlackElo "2318"]
[TimeControl "180+1"]
[EndTime "14:14:35 PDT"]
[Termination "betta2004 won by resignation"]

1. d4 Nf6 2. Nc3 g6 3. e4 d6 4. Bf4 Bg7 5. Qd2 O-O 6. O-O-O Re8 7. f3 Nbd7 8. Bh6 Bh8 9. h4 e5 10. d5 Nf8 11. g4 a6 12. h5 b5 13. hxg6 fxg6 14.
Qh2 Bd7 15. Nh3 Qe7 16. Ng5 c5 17. dxc6 Bxc6 18. Qh4 Ra7 19. Bd3 Rc7 20. Nd5 Bxd5 21. exd5 Nxd5 22. Bxf8 Qxf8 23. Bxg6 Qf4+ 24. Kb1 Bf6 25.
Bxh7+ Kf8 26. Qh6+ Bg7 27. Ne6+ Rxe6 28. Qxe6 Ne7 29.
Qxd6 Rc8 30. Bg6 Qc4 31. Qd8+ 1-0

[Event "Late-Titled-Tuesday-Blitz-March-12-2024"]
[Site "Chess.com"]
[Date "2024.03.12"]
[Round "2"]
[White "KuzubovYuriy"]
[Black "varunkrishnanchess"]
[Result "1-0"]
[WhiteElo "2910"]
[BlackElo "2610"]
[TimeControl "180+1"]
[EndTime "14:14:37 PDT"]
[Termination "KuzubovYuriy won by resignation"]

1. d4 Nf6 2. c4 e6 3. Nc3 Bb4 4. e3 O-O 5. Bd3 d5 6. cxd5 exd5 7. Ne2 c5 8. a3 cxd4 9. axb4 dxc3 10. Nxc3 Nc6 11.
b5 Ne5 12. Be2 b6 13. O-O Bb7 14. b3 Ne4 15. Bb2 Ng6 16. Ra4 Qg5 17. f4 Qe7 18.
Nxe4 dxe4 19. Qd4 f6 20. Ba3 Qc7 21. Rc1 Qd8 22. Bxf8 Qxf8 23. Rc7 Bc8 24. Qd5+ 1-0

[Event "Late-Titled-Tuesday-Blitz-March-12-2024"]
[Site "Chess.com"]
[Date "2024.03.12"]
[Round "2"]
[White "arenal72"]
[Black "yosephtaher"]
[Result "0-1"]
[WhiteElo "2656"]
[BlackElo "2981"]
[TimeControl "180+1"]
[EndTime "14:14:40 PDT"]
[Termination "yosephtaher won by resignation"]

1. Nf3 c5 2. e4 g6 3. d4 cxd4 4. Qxd4 Nf6 5. Nc3 Nc6 6. Qa4 d6 7. e5 dxe5 8. Nxe5 Bd7 9. Nxd7 Qxd7 10. Be3 Bg7 11. Rd1 Qc7 12. Be2 O-O 13. O-O a6 14.
Qh4 b5 15. Bf3 Rac8 16. a3 Ne5 17. Be2 Nc4 18. Bxc4 Qxc4 19. Qxc4 Rxc4 20. Bd4 Rfc8 21. h3 e6 22. Rfe1 R4c6 23. Be5 Nh5 24. Bxg7 Kxg7 25.
Rd7 Nf6 26. Ra7 Rd8 27. Re2 g5 28. g3 h5 29. Kg2 Kg6 30. Na2 Nd5 31. Nb4 Nxb4 32. axb4 Rcd6 33. c3 g4 34. hxg4 hxg4 35. Re4 f5 36. Re5 Kf6 37. Rc5 Rd2 38. Rxa6 Re2 39. Rcc6 Rd1 40. Rd6 Rb1 41. Rab6 Ree1 0-1

[Event "Late-Titled-Tuesday-Blitz-March-12-2024"]
[Site "Chess.com"]
[Date "2024.03.12"]
[Round "2"]
[White "Er_is_geen_hoop_meer"]
[Black "Cyrano-Lossi"]
[Result "1-0"]
[WhiteElo "2521"]
[BlackElo "2213"]
[TimeControl "180+1"]
[EndTime "14:14:40 PDT"]
[Termination "Er_is_geen_hoop_meer won by resignation"]

1. h4 e5 2. a4 d5 3. d3 c5 4.
e4 dxe4 5. dxe4 Qxd1+ 6. Kxd1 Nc6 7. c3 Be6 8. Kc2 g6 9. Na3 a6 10. Bc4 Nf6 11. Bxe6 fxe6 12. f3 h5 13. Nc4 O-O-O 14.
a5 Kc7 15. Bg5 Be7 16. Nh3 Rd7 17. Nf2 Ne8 18. Nd3 Bd6 19. Rad1 Kb8 20. Be3 Nc7 21. Rh3 Rhd8 22. Rg3 Rg7 23. Rg5 Nb5 24. Nxc5 Be7 25. Rxd8+ Nxd8 26. Rxe5 Bf6 27. Bg5 Bxe5 28. Nxe5 Nc6 29.
Nxc6+ bxc6 30. Nxa6+ Ka7 31. Nc5 Nc7 32. c4 Rg8 33. Bf4 Rc8 34. Bxc7 Rxc7 35. Nxe6 Rb7 36.
Kc3 Ka6 37. Nc5+ Ka7 38. Nxb7 Kxb7 39. c5 1-0

[Event "Late-Titled-Tuesday-Blitz-March-12-2024"]
[Site "Chess.com"]
[Date "2024.03.12"]
[Round "2"]
[White "epiclord678"]
[Black "marcodobrikov"]
[Result "0-1"]
[WhiteElo "2411"]
[BlackElo "2607"]
[TimeControl "180+1"]
[EndTime "14:14:43 PDT"]
[Termination "marcodobrikov won on time"]

1. e4 g6 2. d4 Bg7 3. Nc3 e6 4. Nf3 d5 5. e5 a6 6. Be3 h5 7.
Bd3 Nh6 8. Bg5 Qd7 9. Ne2 b6 10.
Nf4 Nf5 11. h4 a5 12. Bxf5 gxf5 13. Nd2 c5 14. Nxh5 Rh7 15. Nxg7+ Rxg7 16. c3 Nc6 17.
Nf3 Ba6 18. g3 cxd4 19. Nxd4 Nxe5 20. Qd2 Nd3+ 21. Kd1 Nc5 22. h5 Ne4 23. h6 Rxg5 24. h7 O-O-O 25. Qf4 Rh8 0-1

[Event "Late-Titled-Tuesday-Blitz-March-12-2024"]
[Site "Chess.com"]
[Date "2024.03.12"]
[Round "2"]
[White "ploxoi"]
[Black "mac0504"]
[Result "0-1"]
[WhiteElo "2439"]
[BlackElo "2701"]
[TimeControl "180+1"]
[EndTime "14:14:44 PDT"]
[Termination "mac0504 won by checkmate"]

1. d4 Nf6 2. c4 g6 3. g3 Bg7 4. Nf3 O-O 5. Bg2 d6 6. O-O Nc6 7. h3 e5 8. d5 Ne7 9. Nc3 Nd7 10. e4 h6 11. Ne1 f5 12. Nd3 fxe4 13. Nxe4 Nf5 14.
Bd2 Kh7 15. Rc1 Nd4 16. Bc3 Nb6 17. b3 Bf5 18. Kh1 a5 19. g4 Bd7 20. g5 a4 21.
gxh6 Bxh6 22. Bd2 Qh4 23. Bxh6 Qxh6 24. Kh2 axb3 25. axb3 Kg7 26. c5 Nxd5 27. cxd6 c6 28. Nxe5 Qf4+ 29. Ng3 Qxe5 30. Re1 Qf6 31. Bxd5 Qxf2+ 32. Kh1 Ra2 33. Nf1 cxd5 34. Rc7 Qg2# 0-1

[Event "Late-Titled-Tuesday-Blitz-March-12-2024"]
[Site "Chess.com"]
[Date "2024.03.12"]
[Round "2"]
[White "Kostukov_Alex"]
[Black "Didici"]
[Result "0-1"]
[WhiteElo "2315"]
[BlackElo "2757"]
[TimeControl "180+1"]
[EndTime "14:14:45 PDT"]
[Termination "Didici won by resignation"]

1. g3 d5 2. Bg2 c6 3. d3 e5 4. e4 dxe4 5. dxe4 Qc7 6. Nf3 Nd7 7. O-O Nc5 8. Qe2 Bg4 9. h3 Bh5 10. g4 Bg6 11. Nh4 Nf6 12. Nxg6 hxg6 13. Bg5 Ne6 14. Bxf6 gxf6 15. Nd2 Bc5 16. Nb3 Bb6 17. a4 a5 18.
Rad1 Rh4 19. Qf3 Ke7 20. Rd2 Rah8 21. Rfd1 Nf4 22. Qc3 Nxh3+ 23. Kf1 Nf4 24. Nc5 Rh1+ 0-1

[Event "Late-Titled-Tuesday-Blitz-March-12-2024"]
[Site "Chess.com"]
[Date "2024.03.12"]
[Round "2"]
[White "Moultino06"]
[Black "PapaieDudu"]
[Result "1-0"]
[WhiteElo "2818"]
[BlackElo "2443"]
[TimeControl "180+1"]
[EndTime "14:14:45 PDT"]
[Termination "Moultino06 won by resignation"]

1. Nf3 d5 2. b4 Nf6 3. Bb2 c5 4.
bxc5 Ne4 5. Nc3 Nxc5 6. d4 Nca6 7.
e4 dxe4 8. Ne5 e6 9. Qg4 Qxd4 10. Bb5+ Nd7 11. Nxd7 Bxd7 12. Rd1 f5 13. Qh5+ g6 14. Qe2 e5 15. Rxd4 exd4 16. Nxe4 fxe4 17. Qxe4+ Kd8 18. Qxd4 Bb4+ 19. Kf1 Bd6 20. Qxd6 1-0

[Event "Late-Titled-Tuesday-Blitz-March-12-2024"]
[Site "Chess.com"]
[Date "2024.03.12"]
[Round "2"]
[White "noblerone"]
[Black "AsaHoffmann"]
[Result "1-0"]
[WhiteElo "2593"]
[BlackElo "2400"]
[TimeControl "180+1"]
[EndTime "14:14:47 PDT"]
[Termination "noblerone won by resignation"]

1. d4 Nf6 2. Nf3 d6 3. Bg5 Nbd7 4. Nbd2 c6 5. e3 e5 6. Bc4 Be7 7. c3 e4 8. Ng1 d5 9. Bb3 h6 10. Bh4 Nf8 11. Ne2 g5 12. Bg3 Ng6 13. c4 Be6 14.
Nc3 a6 15. cxd5 cxd5 16. Rc1 b5 17. O-O h5 18. f3 h4 19. Be5 Nxe5 20. dxe5 Nd7 21.
Nxd5 Nc5 22. Nxe4 Nxb3 23. Nc7+ Kf8 24. Nxe6+ fxe6 25. Qxb3 Qd5 26. Qxd5 exd5 27. Nc3 Bc5 28. Nxd5 Ba7 29. Kh1 Rd8 30. e4 Kf7 31. Rc7+ Ke6 32.
Rxa7 Kxe5 33. Rxa6 g4 34. fxg4 Kxe4 35. Nf6+ Ke3 36.
Re6+ Kd2 37. h3 Rhf8 38. Ne4+ Kc2 39. Rxf8 Rxf8 40. Rb6 Rf4 41. Rxb5 Rxe4 42. Rh5 Kxb2 43. Rxh4 Kxa2 44. Rh5 Kb3 45. Rd5 Kc4 46. Rd8 Re1+ 47. Kh2 Rd1 48. Rxd1 1-0

[Event "Late-Titled-Tuesday-Blitz-March-12-2024"]
[Site "Chess.com"]
[Date "2024.03.12"]
[Round "2"]
[White "northridgehawk"]
[Black "rdarruda"]
[Result "0-1"]
[WhiteElo "2322"]
[BlackElo "2552"]
[TimeControl "180+1"]
[EndTime "14:14:55 PDT"]
[Termination "rdarruda won by checkmate"]

1. e4 c5 2. Nf3 Nc6 3. d4 cxd4 4.
Nxd4 e5 5. Nb5 a6 6. N5c3 Nf6 7. a3 Be7 8. Bc4 d6 9. O-O O-O 10. Be3 b5 11. Ba2 Be6 12. Nd2 d5 13. exd5 Nxd5 14. Nxd5 Bxd5 15. Bxd5 Qxd5 16. Qf3 Qxf3 17. Nxf3 Rfd8 18.
Rfd1 f6 19. Bb6 Rxd1+ 20. Rxd1 Rb8 21. Bc7 Rc8 22. Bb6 Kf7 23. Kf1 Ke6 24. Nd2 Nb8 25.
c3 Nd7 26. Ba5 Nc5 27. Bb4 Nd3 28. Bxe7 Kxe7 29. Rb1 Rd8 30. Ke2 Nf4+ 31. Ke1 Nxg2+ 32. Ke2 Nf4+ 33. Ke1 Nd3+ 34. Ke2 Nxf2 35. a4 Nd3 36. axb5 axb5 37. b4 Nf4+ 38. Ke1 Rd3 39.
c4 Rd8 40. cxb5 Rb8 41. Kf2 Rxb5 42. Ke3 Rxb4 43. Ra1 Rb7 44. Ra6 Kf7 45. Ne4 Kg6 46. Ng3 Rb3+ 47. Ke4 Rb2 48. h4 Rg2 49. Nf5 Re2+ 50.
Ne3 Ng2 51. Kf3 Rxe3+ 52. Kxg2 Rb3 53. Ra7 h5 54. Kf2 Rh3 55. Kg2 Rxh4 56. Kg3 Rf4 57.
Kh3 Rg4 58. Re7 Kf5 59. Re8 g5 60. Rh8 Rh4+ 61. Kg3 e4 62. Re8 Rg4+ 63. Kh3 h4 64. Kh2 Rg3 65. Kh1 Kf4 66. Re6 f5 67. Rg6 g4 68.
Rh6 h3 69. Re6 Ra3 70. Kh2 Ra2+ 71. Kh1 g3 72. Rg6 Ra1# 0-1

[Event "Late-Titled-Tuesday-Blitz-March-12-2024"]
[Site "Chess.com"]
[Date "2024.03.12"]
[Round "2"]
[White "Fonsofan"]
[Black "Polish_fighter3000"]
[Result "0-1"]
[WhiteElo "2722"]
[BlackElo "3133"]
[TimeControl "180+1"]
[EndTime "14:14:56 PDT"]
[Termination "Polish_fighter3000 won by resignation"]

1. e4 g6 2. d4 d6 3. Nf3 Bg7 4. c3 Nd7 5. Bd3 b6 6. O-O Bb7 7. Nbd2 e6 8. a4 a6 9. Re1 Ne7 10. Qe2 h6 11. Nf1 O-O 12. Ng3 Kh8 13. h4 Ng8 14. h5 g5 15. Nh2 c5 16. Be3 cxd4 17. cxd4 Ne7 18. f4 gxf4 19. Bxf4 Bxd4+ 20. Kh1 Ne5 21. Nf3 Nxf3 22. gxf3 Ng6 23. hxg6 Qh4+ 24. Qh2 Qxf4 25. Ne2 Qxf3+ 26. Qg2 Qh5+ 27. Qh2 Qxh2+ 28. Kxh2 Be5+ 0-1

[Event "Late-Titled-Tuesday-Blitz-March-12-2024"]
[Site "Chess.com"]
[Date "2024.03.12"]
[Round "2"]
[White "Fh2411"]
[Black "tptagain"]
[Result "0-1"]
[WhiteElo "2648"]
[BlackElo "2959"]
[TimeControl "180+1"]
[EndTime "14:15:00 PDT"]
[Termination "tptagain won by resignation"]

1. d4 Nf6 2. c4 b6 3. Nc3 Bb7 4. Nf3 e6 5. a3 Be7 6. Bf4 O-O 7. e3 Nh5 8. Bg3 d6 9. Bd3 h6 10. Bc2 Nd7 11. Qd3 g6 12. O-O-O a6 13. Qd2 Kg7 14.
Kb1 b5 15. cxb5 axb5 16. Nxb5 Qb8 17. Bd3 Bxf3 18. gxf3 c6 19. Nc3 Rxa3 20. e4 Qb6 21. Bc4 d5 22. Kc2 dxc4 23. bxa3 Qb3+ 0-1

[Event "Late-Titled-Tuesday-Blitz-March-12-2024"]
[Site "Chess.com"]
[Date "2024.03.12"]
[Round "2"]
[White "stollenmonster"]
[Black "biostatistician"]
[Result "1-0"]
[WhiteElo "2863"]
[BlackElo "2520"]
[TimeControl "180+1"]
[EndTime "14:15:04 PDT"]
[Termination "stollenmonster won by resignation"]

1. e4 e5 2. Nc3 Nf6 3. g3 Nc6 4. Bg2 Bc5 5. h3 d6 6. Nge2 O-O 7. d3 Ne8 8. O-O f5 9. exf5 Bxf5 10. Kh2 Nf6 11. Na4 Bb6 12. Nxb6 axb6 13. f4 Qd7 14. Nc3 Rae8 15. g4 Bg6 16. f5 Bf7 17. Ne4 Nxe4 18. dxe4 Rd8 19. Bg5 Ne7 20. Qd2 c6 21. f6 gxf6 22. Bh6 Rfe8 23. Rxf6 Ng6 24. Raf1 Be6 25.
Qg5 Kh8 26. Rxg6 hxg6 27. Rf6 Rg8 28. Qh4 Rge8 29. Rxg6 Qh7 30. Qf6+ 1-0

[Event "Late-Titled-Tuesday-Blitz-March-12-2024"]
[Site "Chess.com"]
[Date "2024.03.12"]
[Round "2"]
[White "BebeBonito2022"]
[Black "ChainedDowntohell"]
[Result "0-1"]
[WhiteElo "2310"]
[BlackElo "2538"]
[TimeControl "180+1"]
[EndTime "14:15:04 PDT"]
[Termination "ChainedDowntohell won by resignation"]

1. d4 d5 2. c4 c6 3. Nc3 Nf6 4. e3 Bf5 5. cxd5 cxd5 6. Qb3 Nc6 7. Qxb7 Bd7 8. Qb3 Rb8 9. Qd1 e5 10. Nge2 Bd6 11. dxe5 Nxe5 12. Nf4 O-O 13. Be2 Bc6 14.
O-O Bb4 15. Bd2 Qe7 16. a3 Ba5 17. b4 Bc7 18. b5 Ba8 19. a4 Rfd8 20. Qc2 Rbc8 21.
Qa2 g5 22. Nd3 Nc4 23. Rfd1 Bb8 24. Nb4 Nxd2 25. Qxd2 Qxb4 26. Nxd5 Nxd5 0-1

[Event "Late-Titled-Tuesday-Blitz-March-12-2024"]
[Site "Chess.com"]
[Date "2024.03.12"]
[Round "2"]
[White "only_strong_moves"]
[Black "Viktor_Poddubnyi"]
[Result "1-0"]
[WhiteElo "2532"]
[BlackElo "2263"]
[TimeControl "180+1"]
[EndTime "14:15:05 PDT"]
[Termination "only_strong_moves won by resignation"]

1. Nc3 g6 2. h4 Bg7 3. h5 d5 4. d4 Nc6 5. Nf3 Bg4 6. h6 Bf6 7. e3 e6 8. b3 Nge7 9. Ba3 O-O 10. Qd2 Re8 11. Nh2 Bf5 12. g4 Be4 13. f3 Bh4+ 14. Ke2 e5 15. dxe5 Nxe5 16. fxe4 c6 17. Bg2 Qc8 18. Raf1 Nxg4 19. Nxg4 Qxg4+ 20. Bf3 Qg5 21. Rfg1 Qf6 22. e5 Qxe5 23. Rxh4 Nf5 24. Rh3 d4 25. Ne4 dxe3 26. Qc3 Nd4+ 27. Kd1 Rad8 28. Kc1 Qxe4 29. Bxe4 Ne2+ 30. Kb2 Nxc3 31. Bd3 Re4 32. Kxc3 1-0

[Event "Late-Titled-Tuesday-Blitz-March-12-2024"]
[Site "Chess.com"]
[Date "2024.03.12"]
[Round "2"]
[White "Aram7Adam"]
[Black "PNEPaul"]
[Result "1-0"]
[WhiteElo "2451"]
[BlackElo "1952"]
[TimeControl "180+1"]
[EndTime "14:15:10 PDT"]
[Termination "Aram7Adam won by resignation"]

1. e4 e5 2. Nf3 Nc6 3. Bc4 Be7 4. O-O Nf6 5. d4 exd4 6. e5 Ne4 7. Nxd4 O-O 8. Bd5 Nc5 9. Nf5 d6 10. Nxe7+ Qxe7 11. exd6 cxd6 12. Nc3 Ne6 13. Re1 Bd7 14. Bf3 Ne5 15. Bxb7 Qh4 16. g3 Qh3 17. Bg2 Qf5 18.
f4 Ng4 19. Ne4 Bc6 20. b4 Rad8 21. h3 Nh6 22. Bb2 Nxf4 23. gxf4 Qxf4 24. Qd4 Nf5 25. Qf2 Qxf2+ 26. Kxf2 Rfe8 27. Nf6+ gxf6 28. Bxc6 Rxe1 29. Rxe1 Kg7 30. Rg1+ 1-0

[Event "Late-Titled-Tuesday-Blitz-March-12-2024"]
[Site "Chess.com"]
[Date "2024.03.12"]
[Round "2"]
[White "Mackster23"]
[Black "Szparu"]
[Result "0-1"]
[WhiteElo "2569"]
[BlackElo "2808"]
[TimeControl "180+1"]
[EndTime "14:15:16 PDT"]
[Termination "Szparu won by resignation"]

1. e4 c5 2. Nf3 a6 3. c4 Nc6 4. d4 cxd4 5. Nxd4 e5 6. Nc2 Bc5 7. Nc3 d6 8. b4 Bxb4 9. Nxb4 Nxb4 10. Ba3 Qa5 11. Bb2 Nf6 12. Be2 Be6 13. O-O O-O 14. Qb3 Rac8 15. Rac1 Nc6 16. Qxb7 Nd4 17. Bd3 Rc7 0-1

[Event "Late-Titled-Tuesday-Blitz-March-12-2024"]
[Site "Chess.com"]
[Date "2024.03.12"]
[Round "2"]
[White "Fore_Man"]
[Black "ketster"]
[Result "0-1"]
[WhiteElo "2320"]
[BlackElo "2547"]
[TimeControl "180+1"]
[EndTime "14:15:18 PDT"]
[Termination "ketster won by resignation"]

1. Nf3 Nf6 2. c4 e6 3. Nc3 d5 4. d4 dxc4 5. e4 b5 6. e5 Nd5 7.
Nxb5 Nb6 8. Be2 Be7 9. O-O Nc6 10. Be3 O-O 11. Rc1 Rb8 12. Nc3 Bb7 13. Na4 Na5 14.
Nxb6 axb6 15. Bxc4 Nxc4 16. Rxc4 Ba6 17. Qc2 Bxc4 18. Qxc4 Ra8 19. a3 Qd7 20. Rc1 Rfc8 21. Nd2 c5 22. Nf3 cxd4 23. Qxd4 Rxc1+ 24. Bxc1 Qxd4 25.
Nxd4 Rd8 26. Be3 Bc5 0-1

[Event "Late-Titled-Tuesday-Blitz-March-12-2024"]
[Site "Chess.com"]
[Date "2024.03.12"]
[Round "2"]
[White "DraningWaterHi"]
[Black "CarlosjPineror"]
[Result "1-0"]
[WhiteElo "2240"]
[BlackElo "2590"]
[TimeControl "180+1"]
[EndTime "14:15:19 PDT"]
[Termination "DraningWaterHi won by resignation"]

1. d4 Nf6 2. Bf4 e6 3. Nd2 d5 4.
Ngf3 Bd6 5. e3 Bxf4 6. exf4 c5 7. c3 cxd4 8. cxd4 Nc6 9. g3 Bd7 10. Bb5 Qb6 11. Bxc6 Bxc6 12. Nb3 Bb5 13. Ne5 O-O 14. f3 Rac8 15. Qd2 Bc4 16. Nc1 Rc7 17. b3 Ba6 18. Ne2 Rfc8 19. Rc1 g6 20. Kf2 Bxe2 21. Kxe2 Qa6+ 22.
Ke3 Rxc1 23. Rxc1 Rxc1 24. Qxc1 Qxa2 25. Qc8+ Kg7 26. Qxb7 Kh6 27. Nxf7+ Kh5 28. g4+ Kh4 29. Ne5 Kh3 30. Qb4 a5 31. Qc3 Ne8 32. Qd3 Nd6 33.
Qf1+ Kxh2 34. Qe2+ Qxe2+ 35. Kxe2 Nb5 36. Kd3 h5 37. Nxg6 h4 38. Nxh4 1-0

[Event "Late-Titled-Tuesday-Blitz-March-12-2024"]
[Site "Chess.com"]
[Date "2024.03.12"]
[Round "2"]
[White "rynos0411"]
[Black "Kopytkin"]
[Result "0-1"]
[WhiteElo "2609"]
[BlackElo "2437"]
[TimeControl "180+1"]
[EndTime "14:15:19 PDT"]
[Termination "Kopytkin won by resignation"]

1. e4 Nf6 2. e5 Nd5 3. d4 d6 4.
c4 Nb6 5. exd6 cxd6 6. Nf3 g6 7.
Be3 Bg7 8. Qd2 Bg4 9. b3 Bxf3 10. gxf3 Nc6 11. Nc3 O-O 12. Be2 e5 13. dxe5 dxe5 14.
Nd5 Nxd5 15. cxd5 Nd4 16. Bxd4 exd4 17. Bc4 Re8+ 18. Kf1 Qh4 19. h3 Bh6 20. Qd3 a6 21. a4 Re5 22. Re1 Rxe1+ 23. Kxe1 Be3 24. Rh2 b5 25. Qe4 Qxe4 26. fxe4 Bf4 27. Rg2 bxc4 28.
bxc4 Rc8 29. Rg4 g5 30. h4 h6 0-1

[Event "Late-Titled-Tuesday-Blitz-March-12-2024"]
[Site "Chess.com"]
[Date "2024.03.12"]
[Round "2"]
[White "BlueWizzard"]
[Black "falzehope0"]
[Result "1-0"]
[WhiteElo "2884"]
[BlackElo "2447"]
[TimeControl "180+1"]
[EndTime "14:15:21 PDT"]
[Termination "BlueWizzard won by resignation"]

1. d4 d6 2. Nc3 Nf6 3. h3 Nbd7 4. g4 h6 5. Bg2 e5 6. Nf3 c6 7. e4 Be7 8. Be3 Qa5 9. Qd2 b5 10. a3 b4 11. Ne2 c5 12. dxe5 Nxe5 13. Nxe5 dxe5 14. O-O Qb5 15. axb4 cxb4 16. f4 O-O 17. fxe5 Qxe5 18. Bd4 Bc5 19. c3 bxc3 20. bxc3 Re8 21. Qe3 Nd7 22. Rf5 Bxd4 23. cxd4 Qe7 24. Raf1 Rf8 25.
Ng3 Bb7 26. g5 g6 27. gxh6 gxf5 28. Nxf5 Qf6 29. e5 Qb6 30. Qg3+ 1-0